 Dungeon Crawl Stone Soup version 0.26.1-2-gb8aa6d0cf2 (webtiles) character file.

Game seed: 1518247101261377540

289 Gadfly the Cudgeller (level 6, -13/38 HPs)
             Began as a Gargoyle Berserker on Feb 15, 2021.
             Was a Priest of Trog.
             Killed by divine providence
             ... invoked by an orc priest
              (14 damage)
             ... on level 3 of the Dungeon.
             The game lasted 00:05:31 (3920 turns).

Gadfly the Cudgeller (Gargoyle Berserker)           Turns: 3920, Time: 00:05:31

Health: -13/38     AC: 13    Str: 22    XL:     6   Next: 31%
Magic:  6/6        EV: 10    Int:  8    God:    Trog [***...]
Gold:   131        SH:  0    Dex:  9    Spells: 5/5 levels left

rFire    . . .     SeeInvis .   b - -3 dagger (curse)
rCold    . . .     Faith    .   (no shield)
rNeg     + . .     Spirit   .   i - +0 scale mail (curse)
rPois    ∞         Reflect  .   (no helmet)
rElec    +         Harm     .   d - +1 cloak
rCorr    .         Rampage  .   (no gloves)
Will     .....                  (no boots)
Stlth    ..........             (no amulet)
HPRegen  0.12/turn              (no ring)
MPRegen  0.10/turn              (no ring)

@: berserk cooldown, slowed, very slow
A: negative energy resistance 1, electricity resistance, unbreathing,
petrification resistance, miasma immunity, AC +4
a: Renounce Religion, Berserk, Trog's Hand


You were on level 3 of the Dungeon.
You worshipped Trog.
Trog was most pleased with you.
You visited 1 branch of the dungeon, and saw 3 of its levels.

You collected 131 gold pieces.

Inventory:

Hand Weapons
 a - a +0 mace
 b - a cursed -3 dagger (weapon)
Armour
 d - a +1 cloak (worn)
 i - a cursed +0 scale mail (worn)
Scrolls
 f - a scroll of identify
Potions
 c - 2 potions of curing
 e - a potion of cancellation {unknown}
 g - a potion of haste {unknown}


   Skills:
 + Level 4.1 Fighting
 * Level 4.3 Maces & Flails
 + Level 3.1 Armour
 - Level 1.5 Dodging
 * Level 3.0 Shields
 * Level 2.4 Evocations


You had 5 spell levels left.
You didn't know any spells.
Your spell library was empty.

Dungeon Overview and Level Annotations

Branches:
Dungeon (3/15)

Altars:


Innate Abilities, Weirdness & Mutations

You are resistant to torment.
Your stone body is resilient. (AC +4)
You are immune to poison.
You resist negative energy. (rN+)
You are resistant to electric shocks. (rElec)
You can survive without breathing.
You are immune to petrification.
You are immune to miasma.


Message History

You see here a scroll of identify.
f - a scroll of identify The dart slug launches a dart at you.
The slug dart hits you but does no damage.
The orc barely misses you.
The orc priest calls upon Beogh to heal the orc.
The orc is healed somewhat.
Okay, then.
An orc comes into view.
It is wielding a +1 short sword of venom.
The orc shouts!
The orc barely misses you. The dart slug closely misses you.
The orc priest calls down the wrath of Beogh upon you.
Beogh smites you!
* * * LOW HITPOINT WARNING * * *
You hit the orc priest but do no damage.
The orc barely misses you. The orc priest hits you.
* * * LOW HITPOINT WARNING * * *
The orc priest invokes the aid of Beogh against you.
Beogh smites you!
You die...

.'...................'...#
.#############.......#####
.# #...†...### ###
######## #.#...)†..# ..
##.....# #.#.#†#...###.#
.......# #.#.#.#...).#.#
....)..# #.#...#..#(..)#
.......'.#
#.#oo##..#..##.o....
##.....#.# #.#@o....#..#
.#### ######.# #
#.#.woo.......# .. ...# .#
#.........o...#.. ..
##.##. #
####!............. ..
...... ##.......###...# #
#.#### #####.....#...# '.#
#####.# #.# ### ... .. #
###


You could see 2 orc priests, a dart slug and 4 orcs.

Vanquished Creatures
  A centaur (D:3)
  An orc wizard (D:3)
  4 gnolls (D:3)
  4 adders (D:3)
  A worm (D:3)
  A dart slug (D:3)
  3 leopard geckos (D:2)
  11 orcs
  A ball python (D:2)
  8 bats
  7 giant cockroaches
  10 goblins
  3 hobgoblins
  6 jackals (D:1)
  7 kobolds (D:2)
  A quokka (D:2)
  5 frilled lizards
  8 rats
82 creatures vanquished.

Vanquished Creatures (others)
  6 plants (D:2)
6 creatures vanquished.

Grand Total: 88 creatures vanquished

Notes
Turn   | Place    | Note
-------+----------+-------------------------------------------
     0 | D:1      | Gadfly the Gargoyle Berserker began the quest for the Orb.
     0 | D:1      | Reached XP level 1. HP: 14/14 MP: 1/1
   161 | D:1      | Reached XP level 2. HP: 19/19 MP: 2/2
   515 | D:1      | Reached skill level 1 in Shields
   562 | D:1      | Reached skill level 1 in Evocations
   641 | D:1      | Reached XP level 3. HP: 23/23 MP: 3/3
  1067 | D:1      | Reached ** piety under Trog
  1911 | D:2      | Reached XP level 4. HP: 22/28 MP: 4/4
  2618 | D:3      | Reached XP level 5. HP: 33/33 MP: 5/5
  2914 | D:3      | Reached *** piety under Trog
  3874 | D:3      | Noticed a centaur
  3896 | D:3      | Killed a centaur
  3897 | D:3      | Reached XP level 6. HP: 20/38 MP: 6/6
  3920 | D:3      | HP: 1/38 [orc priest (1)]
  3920 | D:3      | Killed from afar by an orc priest

Illustrated notes

Levels and vault maps discovered:
D:1:      dpeg_arrival_pond, layout_basic
D:2:      layout_rooms, lexackson_kobold_supper
D:3:      minmay_skewed_foursquare, layout_basic, grunt_ministairs_14

Skill      XL: |  1  2  3  4  5 |
---------------+----------------+-----
Shields        | 1 2 3 |  3.0
Evocations     | 1 2 |  2.4
Maces & Flails | 4 |  4.3
Fighting       | 4 |  4.1
Armour         | 3 |  3.1
Dodging        | |  1.5

Action                   |  1- 3 |  4- 6 || total
-------------------------+-------+-------++-------
Melee: Mace              |    86 |       ||    86
       Dagger            |   207 |   428 ||   635
Invok: Berserk           |     3 |     4 ||     7
  Use: Scroll            |     5 |     2 ||     7
Armor: Animal skin       |     8 |       ||     8
       Leather armour    |    10 |       ||    10
       Ring mail         |   166 |       ||   166
       Scale mail        |    17 |   283 ||   300
Dodge: Dodged            |   283 |   278 ||   561
